 Dungeon Crawl Stone Soup version 0.30-b1-2-g02819fbbbe (webtiles) character file.

Game seed: 1972494570037499862

485 funkygono the Chopper (level 6, -10/56 HPs)
             Began as a Minotaur Fighter on July 17, 2023.
             Engulfed by a cloud of steam (14 damage)
             ... on level 4 of the Dungeon.
             The game lasted 00:06:09 (4375 turns).

funkygono the Chopper (Minotaur Fighter)            Turns: 4375, Time: 00:06:09

Health: -10/56     AC:  7    Str: 23    XL:     6   Next: 88%
Magic:  5/5        EV: 10    Int:  5    God:
Gold:   319        SH:  4    Dex:  9    Spells: 5/5 levels left

rFire   . . .        a - +0 war axe
rCold   . . .        c - +0 buckler
rNeg    . . .        b - +0 scale mail
rPois   .            (helmet restricted)
rElec   .            (no cloak)
rCorr   +            (no gloves)
SInv    .            (no boots)
Will    .....        s - amulet of magic regeneration Stlth
                     o - ring of resist corrosion
HPRegen 0.29/turn    (no ring)
MPRegen 0.49/turn

%: no passive effects
@: no status effects
A: horns 2, retaliatory headbutt
a: no special abilities


You were on level 4 of the Dungeon.
You visited 1 branch of the dungeon, and saw 5 of its levels.

You collected 319 gold pieces.

Inventory:

Hand Weapons
 a - a +0 war axe (weapon)
Missiles
 j - 10 poisoned darts (quivered)
 t - 3 boomerangs
Armour
 b - a +0 scale mail (worn)
 c - a +0 buckler (worn)
Jewellery
 o - a ring of resist corrosion (left hand)
 s - an amulet of magic regeneration (around neck)
Wands
 n - a wand of roots (9)
 x - a wand of acid (4)
Scrolls
 f - 7 scrolls of identify {unknown}
 g - 3 scrolls of magic mapping {unknown}
 i - a scroll of poison {unknown}
 k - 2 scrolls of brand weapon {unknown}
 q - a scroll of enchant armour {unknown}
 r - 2 scrolls of amnesia {unknown}
 w - a scroll of teleportation {unknown}
Potions
 d - a potion of might
 e - 2 potions of flight {unknown}
 h - a potion of experience {unknown}
 l - 2 potions of lignification {unknown}
 m - 3 potions of curing {unknown}
 p - 2 potions of haste {unknown}
 u - a potion of heal wounds {unknown}
 v - a potion of invisibility


   Skills:
 + Level 5.0 Fighting
 + Level 5.6 Axes
 + Level 1.3 Throwing
 + Level 5.3 Armour
 + Level 1.6 Dodging
 + Level 0.1 Stealth
 + Level 4.9 Shields


You had 5 spell levels left.
You didn't know any spells.
Your spell library was empty.

Dungeon Overview and Level Annotations

Branches:
Dungeon (5/15)
 Temple: D:4-7

Altars:
Ru
Sif Muna
Uskayaw

Shops:
D:4 :


Innate Abilities, Weirdness & Mutations

You have a pair of horns on your head.
You reflexively headbutt those who attack you in melee.


Message History

Unknown command.
You slash the steam dragon!
The steam dragon is heavily wounded.
You closely miss the orc. The steam dragon breathes steam at you.
The ball of steam misses you. The orc hits you but does no damage.
You hit the steam dragon but do no damage.
The steam dragon is heavily wounded.
You closely miss the orc.
You are engulfed in a cloud of scalding steam.
The steam dragon bites you but does no damage.
The steam dragon barely misses you. You block the orc's attack.
You slash the steam dragon! You headbutt the steam dragon.
The steam dragon is almost dead.
You hit the orc. The steam dragon bites you.
The steam dragon barely misses you. The orc closely misses you.
You furiously retaliate!
You headbutt the orc.
You kill the orc!
You hit the steam dragon but do no damage.
You headbutt the steam dragon.
The steam dragon is almost dead.
The steam dragon completely misses you. You furiously retaliate!
You headbutt the steam dragon, but do no damage.
The steam dragon completely misses you.
You barely miss the steam dragon.
The steam dragon is almost dead.
The steam dragon bites you. The steam dragon barely misses you.
The steam dragon breathes steam at you. The ball of steam hits you!
You hit the steam dragon.
You headbutt the steam dragon, but do no damage.
The steam dragon is almost dead.
You are engulfed in a cloud of scalding steam.
The steam dragon breathes steam at you. The ball of steam hits you!
* * * LOW HITPOINT WARNING * * *
You slash the steam dragon!
You kill the steam dragon!
You are engulfed in a cloud of scalding steam.
You die...

....# #######.#####.# #.# ....#
#.......# #.# #.# ....##
#.......# #.# #.# ....)#
#.......#####.# #.# ...#.##
#.............######.###
...#..####......................#
...##...##...###.#.############..
...####......###.#...# ##.
........<#.....)@###.###########.
##########....#### #.##..........
#....# #.##.########. #....#
#..#.######### ##########....#
#..........### .........#....#
#.##.......∩## ########.#....#
#.##.......### #.######
#....######### #.# ####.########.


There were no monsters in sight!

Vanquished Creatures
  A steam dragon (D:4)
  An ogre (D:4)
  A scorpion (D:4)
  A hound (D:4)
  2 orc priests
  An iguana (D:4)
  Ijyb (D:4)
  2 orc wizards (D:4)
  2 adders
  An ufetubus (D:4)
  3 worms
  4 dart slugs
  12 orcs
  9 ball pythons
  5 bats
  6 endoplasms
  3 giant cockroaches
  14 goblins
  10 hobgoblins
  A jackal (D:2)
  3 quokkas
  6 frilled lizards
  10 kobolds
  5 rats
104 creatures vanquished.

Notes
Turn   | Place    | Note
-------+----------+-------------------------------------------
     0 | D:1      | funkygono the Minotaur Fighter began the quest for the Orb.
     0 | D:1      | Reached XP level 1. HP: 19/19 MP: 0/0
   134 | D:1      | You fall into a shaft and drop 1 floor!
   134 | D:2      | Found a faded altar of an unknown god.
   144 | D:2      | Reached XP level 2. HP: 24/27 MP: 1/1
   758 | D:1      | Reached XP level 3. HP: 25/29 MP: 2/2
  1471 | D:2      | Reached XP level 4. HP: 40/40 MP: 3/3
  1668 | D:2      | Found a shimmering blue altar of Sif Muna.
  2517 | D:3      | Reached XP level 5. HP: 24/46 MP: 4/4
  3084 | D:4      | Reached skill level 1 in Throwing
  3084 | D:4      | Reached skill level 5 in Armour
  3348 | D:4      | Found Pise Adghi's Tremendous Tomes.
  3390 | D:4      | Noticed an ogre
  3400 | D:4      | Killed an ogre
  3401 | D:4      | Reached skill level 5 in Axes
  3401 | D:4      | Reached XP level 6. HP: 8/53 MP: 5/5
  3581 | D:4      | Found a sacrificial altar of Ru.
  3617 | D:4      | Reached skill level 1 in Dodging
  3756 | D:4      | Found a hide-covered altar of Uskayaw.
  3820 | D:4      | Noticed Ijyb
  3827 | D:4      | Killed Ijyb
  3828 | D:4      | Reached skill level 5 in Fighting
  4363 | D:5      | Entered Level 5 of the Dungeon
  4363 | D:5      | Noticed a steam dragon
  4375 | D:4      | Killed a steam dragon
  4375 | D:4      | Engulfed by a cloud of steam

Illustrated notes

Levels and vault maps discovered:
D:1:      tarquinn_simple_flora_water_b, layout_basic, serial_park_tiny_1
D:2:      minmay_diamond_boxcup, layout_basic,
          hellmonk_ecumenical_altar_blasted, basic_altar
D:3:      cheibrodos_greedy_goblins, layout_basic,
          chequers_serial_rivers_small_b
D:4:      layout_basic, mainiacjoe_overflow_catwalk_spiral,
          nicolae_shop_i_like_big_books, small_statue_alley_b, minivault_23,
          uniq_ijyb
D:5:      layout_loops_ring, elyvilon_altar_3, serial_shops,
          nicolae_stop_n_shop_1

Skill      XL: |  1  2  3  4  5  6 |
---------------+-------------------+-----
Fighting       | 4 5 |  5.0
Armour         | 4 5 |  5.3
Shields        | 4 |  4.9
Axes           | 3 4 5 |  5.6
Throwing       | 1 |  1.3
Dodging        | 1 |  1.6
Stealth        | |  0.1

Action                     |  1- 3 |  4- 6 || total
---------------------------+-------+-------++-------
  Melee: War axe           |    89 |   153 ||   242
         Headbutt          |    10 |    23 ||    33
  Throw: Stone             |     3 |    28 ||    31
         Dart              |       |     4 ||     4
 Armour: Scale mail        |    46 |    60 ||   106
  Dodge: Dodged            |    39 |    69 ||   108
  Block: Buckler           |    25 |    32 ||    57
